Unix NetHack Version 3.7.0-62 Work-in-progress - last build Aug 7 2022 04:32:40 (f254b98e4f4e6c2f4e816e90bd3419c5233a8e5f,branch:master). Game began 2022-08-22 06:58:35, ended 2022-08-22 08:37:07. rootkit, chaotic male human Wizard ------------------ |...[)........[..| ---....-----------.| |....-.|---|....)M@| |.--...|...|....[..| |..........|.......| |....-.--.-|...<...| |.-....|...|.......| |...-....`.|.......| |.-.`.-``|.|.......| |.....`..|---------- ---.|....| -------- Rootkit the Thaumaturge St:12 Dx:14 Co:16 In:18 Wi:14 Ch:9 Chaotic S:9590 Dlvl:5 $:218 HP:0(62) Pw:92(92) AC:6 Xp:8/2253 T:8071 Latest messages: It misses the ogre lady. The kitten drops a dagger. The boulder falls into and plugs a hole in the floor! The housecat misses the ogre lady. The housecat bites the ogre lady. The housecat bites the ogre lady. The housecat bites the ogre lady. The ogre lady swings her club at the housecat. The ogre lady hits the housecat. The housecat drops a pair of hard shoes. The kitten picks up a dagger. The housecat picks up a pair of hard shoes. The housecat drops a pair of hard shoes. The housecat picks up a pair of hard shoes. The kitten drops a dagger. The kitten picks up a dagger. The kitten drops a dagger. The housecat drops a pair of hard shoes. The housecat picks up a pair of hard shoes. The kitten picks up a dagger. The kitten drops a dagger. Air currents pull you down into a hole! You fall down a shaft! You see here a red-eyed shield. Where do you want to travel to? (For instructions type a '?') You climb up the stairs. There is a staircase down to level 6 here. You see here a red-eyed shield. You kill the yellow mold! There is a staircase down to level 6 here. You see here a red-eyed shield. The salamander turns into a warg! You swap places with your warg. The warg drops a curved sword. The warg turns into a queen bee! The queen bee turns into a cobra! You see here a mummy wrapping. The cobra turns into a white unicorn! The white unicorn turns into an elf-lady! The giant mummy hits! The giant mummy hits! The giant mummy hits! The giant mummy hits! The giant mummy knocks you back with a powerful blow! Ouch! The giant mummy hits! The giant mummy hits! You die... Do you want your possessions identified? [ynq] (y) q Major events: Turn 1: rootkit the chaotic male human Wizard entered the dungeon 1410: attained the rank of Conjurer (level 3) 2765: entered Sokoban 3303: attained the rank of Thaumaturge (level 6) 3835: completed sokoban 1 5526: completed sokoban 2 7137: completed sokoban 3 8071: killed by a giant mummy, while moving through the air Inventory: Amulets s - an uncursed amulet versus poison (being worn) Weapons C - a +0 dart D - a +0 dagger H - a +0 orcish dagger a - a blessed +1 quarterstaff (weapon in hands) Armor y - an uncursed +1 orcish helm x - an uncursed +0 pair of leather gloves (being worn) P - a blessed +1 pair of high boots (being worn) m - an uncursed +1 small shield z - a cursed -1 alchemy smock with text "Don't mess with the chef" (being worn) b - an uncursed +1 cloak of magic resistance R - an uncursed +0 mummy wrapping Comestibles k - 4 uncursed slime molds w - an uncursed cram ration N - an uncursed eucalyptus leaf B - an uncursed food ration L - 2 uncursed fortune cookies O - an uncursed K-ration o - an uncursed egg Scrolls E - an uncursed scroll of create monster j - an uncursed scroll of destroy armor i - 2 uncursed scrolls of earth n - a cursed scroll of food detection I - an uncursed scroll of identify v - a cursed scroll of identify M - an uncursed scroll of light J - an uncursed scroll of magic mapping Potions G - an uncursed potion of blindness f - an uncursed potion of booze A - a cursed potion of hallucination u - a cursed potion of healing g - an uncursed potion of monster detection Rings Y - an uncursed ring of conflict d - an uncursed +4 ring of increase damage (on left hand) U - an uncursed ring of polymorph control T - a cursed -2 ring of protection named c V - an uncursed ring of regeneration e - an uncursed ring of searching Z - an uncursed ring of see invisible Wands p - a wand of create monster (0:15) Q - a wand of create monster (0:8) W - a wand of fire (0:1) t - a wand of magic missile (0:1) c - a wand of probing (0:5) F - a wand of striking (0:6) r - a wand of striking (0:4) X - a wand of undead turning (0:7) Tools q - an uncursed blindfold h - a +0 unicorn horn Gems/Stones K - an uncursed worthless piece of red glass (in quiver pouch) Rootkit the Wizard's attributes: Background: You were a Thaumaturge, a level 8 male human Wizard. You were chaotic, on a mission for Anhur who was opposed by Ptah (lawful) and Thoth (neutral). You were in Sokoban, on level 5. You entered the dungeon 8071 turns ago. You had 2253 experience points, 307 more were needed to attain level 9. Your score was 9590 before end-of-game adjustments. Basics: You had 0 out of 62 hit points. You had all 92 energy points (spell power). Your armor class was 6. Your wallet contained 218 zorkmids. Autopickup was off. Final Characteristics: Your strength was 12 (limit:18/100). Your dexterity was 14 (limit:18). Your constitution was 16 (limit:18). Your intelligence was 18 (limit:18). Your wisdom was 14 (limit:18). Your charisma was 9 (limit:18). Final Status: You were not hungry. You were unencumbered. You were wielding a quarterstaff. You were skilled in quarterstaff. Final Attributes: You were piously aligned. You were poison resistant. You were acid resistant. Your items were protected from acid. You were telepathic. You had a moderate damage bonus (+4). You were warded. You are dead. Miscellaneous: You never encountered a bones level. Total elapsed playing time was 1 hour, 38 minutes and 31 seconds. Vanquished creatures: a warg an ettin mummy a quantum mechanic a troll a sasquatch a gelatinous cube a large cat a dwarf ruler a tengu 3 soldiers an amorous demon a chameleon a crocodile 4 quivering blobs a wolf a mumak a black light a rust monster 2 owlbears a yeti a lizard 3 chickatrices a dingo 2 jaguars a dwarf leader a black unicorn a raven 2 gnome mummies a snake a mountain nymph 9 Mordor orcs 2 rock piercers 3 fog clouds 2 yellow lights a shrieker a guardian naga hatchling a gray ooze 2 straw golems 6 floating eyes a dwarf a kobold leader 5 hill orcs 2 rothes a rabid rat a giant bat an orc zombie a wererat a werejackal 4 iguanas an acid blob a hobbit a cave spider 2 yellow molds a red mold a gecko 2 jackals 3 kobolds 2 goblins 3 sewer rats 7 grid bugs a bat 2 lichens 5 newts 117 creatures vanquished. No species were genocided or became extinct. Voluntary challenges: You read items or engraved 17 times. You engraved Elbereth 10 times. You never genocided any monsters. You never polymorphed an object. You never changed form. You used no wishes. You did not violate any of the special Sokoban rules. Achievements: You attained the rank of Conjurer. You entered Sokoban. You attained the rank of Thaumaturge. The Dungeons of Doom: levels 1 to 8 Level 1: A fountain. Level 2: Many fountains. Level 3: An altar, a fountain. Level 4: Level 5: Many altars, a fountain. Level 6: Level 7: Level 8: Some fountains, a sink. Stairs up to Sokoban, level 7. Sokoban: levels 7 up to 4 Level 4: Unsolved. Level 5: <- You were here. Solved. Final resting place for you, killed by a giant mummy, while moving through the air. Level 6: Solved. Level 7: Solved. Game over: ---------- / \ / REST \ / IN \ / PEACE \ / \ | rootkit | | 218 Au | | killed by a | | giant mummy | | | | | | 2022 | *| * * * | * _________)/\\_//(\/(/\)/\//\/|_)_______ Goodbye rootkit the Wizard... You died in Sokoban on dungeon level 5 with 9569 points, and 218 pieces of gold, after 8071 moves. You were level 8 with a maximum of 62 hit points when you died.